 Dungeon Crawl Stone Soup version 0.22.0-13-g43fe8f2 (webtiles) character file.

58 sking99 the Insei (level 4, -4/29 HPs)
             Began as an Octopode Transmuter on Aug 16, 2018.
             Slain by an orc
             ... wielding a +0 mace
              (5 damage)
             ... on level 2 of the Dungeon.
             The game lasted 00:03:35 (1097 turns).

sking99 the Insei (Octopode Transmuter)             Turns: 1097, Time: 00:03:36

Health: -4/29      AC:  1    Str:  9    XL:     4   Next: 1%
Magic:  7/7        EV: 13    Int: 16    God:
Gold:   26         SH:  0    Dex: 12    Spells: 4/7 levels left

rFire    + . .     SeeInvis .     - Unarmed
rCold    + . .     Gourm    .   (no shield)
rNeg     . . .     Faith    .   (helmet restricted)
rPois    +         Spirit   .   (no amulet)
rElec    +         Reflect  .   (no ring)
rCorr    +         Harm     .   (no ring)
MR       .....                  (no ring)
Stlth    ++........             (no ring)
HPRegen  0.09/turn              (no ring)
MPRegen  0.10/turn              (no ring)
                                (no ring)
                                (no ring)

@: appendage (expiring), resistant
A: almost no armour, stealthy swim, amphibious, 8 rings, constrict 8, tentacle
spike 3, camouflage 1, gelatinous body 1
a: End Transformation


You were on level 2 of the Dungeon.
You were hungry.
One of your tentacles had a temporary spike.
You visited 1 branch of the dungeon, and saw 2 of its levels.

You collected 26 gold pieces.

Inventory:

Missiles
 a - 12 arrows
Scrolls
 e - a scroll of remove curse {unknown}
Potions
 b - a potion of resistance
Comestibles
 c - 2 rations
 d - 2 chunks of flesh


   Skills:
 + Level 2.2 Fighting
 - Level 2.0 Dodging
 + Level 3.6 Unarmed Combat
 - Level 2.0 Spellcasting
 + Level 2.8 Transmutations


You had 4 spell levels left.
You knew the following spells:

 Your Spells              Type           Power        Failure   Level  Hunger
a - Beastly Appendage     Tmut           ##....       6%          1    #......
b - Sticks to Snakes      Tmut           ##......     10%         2    ###....

Your spell library contained the following spells:

 Spells                   Type           Power        Failure   Level  Hunger
 Spider Form              Tmut/Pois      #.........   34%         3    ###....
 Blade Hands              Tmut           ##........   87%         5    ######.
 Ice Form                 Ice/Tmut       #.......     75%         4    #####..


Dungeon Overview and Level Annotations

Branches:
Dungeon (2/15)

Altars:


Innate Abilities, Weirdness & Mutations

You cannot wear most types of armour.
You are very stealthy in the water. (Stealth+)
You are amphibious.
You can wear up to eight rings at the same time.
You can use your tentacles to constrict eight enemies at once.
Your skin changes colour to match your surroundings (Stealth+).
Your rubbery body absorbs attacks. (AC +1, EV +1)
One of your tentacles bears a large vicious spike.


Message History

You bump into the rock wall.
You feel less confused. Something hits you.
* * * LOW HITPOINT WARNING * * *
You miss something. Something hits you.
* * * LOW HITPOINT WARNING * * *
It was a potion of resistance.
You feel protected. Something barely misses you.
You tentacle-slap something. You squeeze something!
Reactivating autopickup.
Your Fighting skill increases to level 2!
You have reached level 4!
You feel a bit more experienced.
You tentacle-slap the orc but do no damage.
You grab the orc. You squeeze the orc!
The orc is almost dead.
You constrict the orc, but do no damage.
The orc hits you with a mace.
You die...

#.......######
#.......#.....
#...l(..#.....
#.....(.#.....
#..>....+....(
#.......#.....
######.......#.....
#.@o[..............
#.######++.........
#.# #.........
#.########.....#...
#.......##.....####
#######.##.....####
#.##.........
#.##.........
#.##.........


You could see an orc.

Vanquished Creatures
  An orc wizard (D:2)
  A dart slug (D:1)
  2 leopard geckos (D:1)
  2 orcs (D:2)
  3 bats (D:1)
  2 giant cockroaches
  4 goblins (D:1)
  A hobgoblin (D:1)
  A frilled lizard (D:2)
  5 kobolds
  6 rats
28 creatures vanquished.

Notes
Turn   | Place    | Note
-------+----------+-------------------------------------------
     0 | D:1      | sking99 the Octopode Transmuter began the quest for the Orb.
     0 | D:1      | Reached XP level 1. HP: 13/13 MP: 3/3
    31 | D:1      | Reached XP level 2. HP: 15/18 MP: 5/5
    76 | D:1      | Learned a level 2 spell: Sticks to Snakes
   828 | D:1      | Reached XP level 3. HP: 24/24 MP: 6/6
  1094 | D:2      | HP: 1/24 [something (2)]
  1096 | D:2      | Reached XP level 4. HP: 1/29 MP: 7/7
  1097 | D:2      | Slain by an orc

Skill      XL: |  1  2  3 |
---------------+----------+-----
Fighting       | 2 |  2.2
Dodging        | |  2.0
Unarmed Combat | |  3.6
Spellcasting   | |  2.0
Transmutations | |  2.8

Action                   |  1- 3 |  4- 6 || total
-------------------------+-------+-------++-------
Melee: Unarmed           |    65 |     1 ||    66
       Constrict         |    17 |     1 ||    18
       Tentacles         |    11 |     1 ||    12
       Punch             |     3 |       ||     3
       Kick              |     1 |       ||     1
 Cast: Beastly Appendage |     1 |       ||     1
  Use: Potion            |     1 |       ||     1
 Stab: Sleeping          |     1 |       ||     1
Armor: Skin              |     6 |       ||     6
Dodge: Dodged            |    41 |       ||    41
